 Dungeon Crawl Stone Soup version 0.21.0-37-g46506fa (webtiles) character file.

69296 garbagetei the Unseen (level 15, 0/86 HPs)
             Began as a Kobold Enchanter on Jan 30, 2018.
             Was the Champion of Dithmenos.
             Slain by Rupert
             ... wielding a +0 great mace of draining
              (3 damage)
             ... on level 2 of the Lair of Beasts.
             The game lasted 02:13:38 (27599 turns).

garbagetei the Unseen (Kobold Enchanter)           Turns: 27599, Time: 02:13:39

Health: 0/86       AC:  8    Str:  6    XL:     15   Next: 73%
Magic:  30/30      EV: 20    Int: 23    God:    Dithmenos [******]
Gold:   1435       SH:  5    Dex: 15    Spells: 17/37 levels left

rFire    . . .     SeeInvis .   M - +4 arc blade {discharge, rElec}
rCold    . . .     Gourm    .   (shield restricted)
rNeg     . . .     Faith    .   p - +0 steam dragon scales
rPois    .         Spirit   .   v - +0 helmet
rElec    +         Reflect  +   (no cloak)
rCorr    .         Harm     .   n - +1 pair of gloves
MR       +....                  (no boots)
Stlth    ++++++++++             j - +5 amulet of reflection
HPRegen  0.24/turn              Y - ring of stealth
MPRegen  0.22/turn              o - ring of wizardry

@: hasted, wreathed by umbra, heavily drained, very quick
A: small, carnivore
a: Shadow Step, Shadow Form, Renounce Religion


You were on level 2 of the Lair of Beasts.
You worshipped Dithmenos.
Dithmenos was exalted by your worship.
You were full.

You visited 5 branches of the dungeon, and saw 22 of its levels.
You also visited: Ice Cave.

You collected 1435 gold pieces.

Inventory:

Hand Weapons
 a - the +12 mace of Severance {crush, rF+ rC- Str+4 Stlth+, unknown}
   (You found it on level 2 of the Lair of Beasts)

   It inflicts extra damage upon your enemies.
   It affects your strength (+4).
   It protects you from fire.
   It makes you vulnerable to cold.
   It makes you more stealthy.
 h - a +0 blowgun
 y - a +2 dagger of holy wrath
 M - the +4 arc blade (weapon) {discharge, rElec}
   (You found it on level 10 of the Dungeon)

   It insulates you from electricity.
Missiles
 c - 8 curare-tipped needles
 s - 372 stones (quivered)
 V - 5 throwing nets
Armour
 m - a +2 leather armour of cold resistance
 n - a +1 pair of gloves (worn)
 p - +0 steam dragon scales (worn)
 v - a +0 helmet (worn)
 R - a +1 robe of fire resistance
Jewellery
 j - a +5 amulet of reflection (around neck)
 o - a ring of wizardry (right hand)
 r - an uncursed ring of positive energy
 u - an uncursed amulet of harm
 A - an uncursed ring of ice
 B - an uncursed amulet of regeneration
 K - an uncursed ring of ice
 S - a cursed ring of teleportation
 Y - a ring of stealth (left hand)
Wands
 i - a wand of paralysis (12)
 E - a wand of iceblast (29)
 F - a wand of disintegration (14)
 G - a wand of digging (13)
 P - a wand of acid (11)
 Q - a wand of scattershot (5)
 W - a wand of enslavement (16)
Scrolls
 b - 7 scrolls of remove curse
 g - 4 scrolls of teleportation
 w - 4 scrolls of enchant armour
 D - a scroll of fog
 J - 5 scrolls of amnesia
 L - 5 scrolls of magic mapping
 X - 2 scrolls of enchant weapon
Potions
 e - a potion of agility {unknown}
 l - 2 potions of berserk rage
 t - 4 potions of might {unknown}
 x - 5 potions of flight
 z - a potion of ambrosia {unknown}
 C - 5 potions of resistance
 H - a potion of magic
 I - 4 potions of curing
 O - 3 potions of brilliance {unknown}
 U - 2 potions of cancellation {unknown}
 Z - 2 potions of lignification {unknown}
Books
 k - a book of Conjurations

   Spells                             Type                      Level
   a - Magic Dart                     Conjuration                  1
   b - Searing Ray                    Conjuration                  2
   c - Dazzling Spray                 Conjuration/Hexes            3
   d - Fulminant Prism                Conjuration/Hexes            4
   e - Force Lance                    Conjuration/Translocation    4
   f - Iskenderun's Mystic Blast      Conjuration                  4
 q - a book of Transfigurations

   Spells                             Type                      Level
   a - Irradiate                      Conjuration/Transmutation    5
   b - Statue Form                    Transmutation/Earth          6
   c - Hydra Form                     Transmutation                6
   d - Dragon Form                    Transmutation                7
 N - a book of Summonings

   Spells                             Type                      Level
   a - Recall                         Summoning/Translocation      3
   b - Aura of Abjuration             Summoning                    5
   c - Summon Demon                   Summoning                    5
   d - Summon Forest                  Summoning/Translocation      5
   e - Summon Mana Viper              Hexes/Summoning              5
   f - Shadow Creatures               Summoning                    6
Miscellaneous
 T - a lightning rod (4/4)
Comestibles
 d - 32 rations


   Skills:
 + Level 7.0(5.2) Fighting
 + Level 13.9(11.7) Short Blades
   Level 2.5(0.9) Staves
 + Level 2.5(0.9) Armour
 + Level 9.6(7.6) Dodging
 + Level 18.2(15.8) Stealth
 * Level 11.5(9.5) Spellcasting
 * Level 6.7(4.9) Conjurations
 * Level 11.2(9.1) Hexes
 + Level 0.6(0.0) Summonings
 - Level 2.3(0.7) Ice Magic
 + Level 0.3(0.0) Evocations


You had 17 spell levels left.
You knew the following spells:

 Your Spells              Type           Power        Failure   Level  Hunger
a - Corona                Hex            ######.      1%          1    None
b - Ensorcelled Hibernat  Hex/Ice        ####..       1%          2    None
c - Confuse               Hex            ######..     1%          3    None
d - Dazzling Spray        Conj/Hex       #####.       1%          3    None
e - Searing Ray           Conj           ####..       1%          2    None
f - Force Lance           Conj/Tloc      ###.....     9%          4    ##.....
g - Summon Mana Viper     Hex/Summ       ####....     11%         5    ####...


Dungeon Overview and Level Annotations

Branches:
Dungeon (15/15)            Temple (1/1) D:7            Lair (4/6) D:8
 Shoals (0/4) Lair:3        Snake (1/4) Lair:2          Orc (1/2) D:11
 Vaults (0/5) D:14         Depths (0/5) D:15

Altars:
Ashenzari
Cheibriados
Dithmenos
Elyvilon
Fedhas
Gozag
Hepliaklqana
Kikubaaqudgha
Makhleb
Nemelex Xobeh
Okawaru
Qazlal
Ru
Sif Muna
Trog
Uskayaw
Vehumet
Wu Jian
Xom
Yredelemnul
Zin
The Shining One

Shops:
D:6 (   D:11 *   Orc:1 %

Portals:
Trove: D:11 (give 7 potions of agility)

Annotations:
D:15 exclusion: Roxanne, Roxanne
Lair:2 Rupert
Orc:1 MordorOrchid's ghost, adept GnBe


Innate Abilities, Weirdness & Mutations

You are small and have problems with some larger weapons.
You are carnivorous and can eat meat at any time.


Message History

Aiming: Confuse
Press: ? - help, Shift-Dir - straight line, f - Rupert
Aim: Rupert, wielding a great mace of draining and wearing a ring mail (black smoke, umbra, chance to defeat MR: 12%)
Okay, then.
Casting: Confuse
Confirm with . or Enter, or press ? or * to list all spells.
Aiming: Ensorcelled Hibernation
Press: ? - help, Shift-Dir - straight line, f - Rupert
Aim: Rupert, wielding a great mace of draining and wearing a ring mail (black smoke, umbra, chance to defeat MR: 6%)
Okay, then.
Evoke which item? (* to show all) (? for menu, Esc to quit)
Okay, then.
Casting: Ensorcelled Hibernation
Confirm with . or Enter, or press ? or * to list all spells.
Okay, then.
You feel yourself speed up.
Rupert hits you with a great mace of draining!!
* * * LOW HITPOINT WARNING * * *
You feel drained.
You die...

.............##.≈≈≈≈≈.#..#P..##..
##P..........##....P.#...........
##.................#............
#...............................
#...............................
#..................##.........(.
#............§#§...##.........#.
#P..........#§P@#...............
##...#..##...§§@§....P.....#.##.
#.#..........§§§§.........#.## .
###.......................####..
#................<............
#.#..........P.........#######P
#######...####.......### #####
#.#...#### #######


You could see Rupert.

Vanquished Creatures
  A frost giant (IceCv)
  2 entropy weavers (D:12)
  An ettin (D:14)
  The ghost of Doomgape the Spear-Bearer, a journeyman GrFi of Okawaru (D:11)
  An ice dragon (D:14)
  Harold (Lair:1)
  7 hydras
  A catoblepas (D:11)
  An ogre mage (D:15)
  Erica (D:8)
  5 centaur warriors
  9 two-headed ogres
  A queen ant (D:12)
  4 tengu warriors
  Sonja (D:11)
  An iron troll (D:14)
  4 skeletal warriors
  A lindwurm (Lair:3)
  Pikel (D:9)
  A necromancer (D:14)
  3 ugly things
  An orc knight (D:15)
  6 cyclopes
  A deep elf mage (D:13)
  4 elephants (Lair:4)
  5 manticores
  An ice statue (IceCv)
  4 spiny frogs
  5 centaur skeletons
  3 rime drakes (Lair:3)
  A spiny frog (shapeshifter) (D:15)
  An efreet (D:14)
  A kobold demonologist (D:10)
  A freezing wraith (D:14)
  2 komodo dragons
  2 tengu conjurers
  5 trolls
  A merfolk (shapeshifter) (D:13)
  A hornet (D:8)
  13 polar bears (IceCv)
  4 blink frogs (Lair:3)
  8 hippogriffs
  Prince Ribbit (D:8)
  2 slime creatures
  3 shadows
  Sigmund (D:3)
  3 wraiths
  8 redbacks
  25 yaks
  5 wyverns
  A vampire (D:13)
  A steam dragon (D:12)
  3 hungry ghosts
  3 basilisks
  6 vampire mosquitoes
  Menkaure (D:7)
  A naga (shapeshifter) (D:13)
  A warg (D:11)
  A warg (shapeshifter) (D:14)
  3 acid dragons
  7 soldier ants
  2 nagas (Lair:2)
  4 water moccasins
  6 orc warriors
  3 porcupines
  6 ice beasts
  5 sky beasts
  2 slaves
  A black bear (D:9)
  A phantom (D:13)
  2 eyes of draining
  A necrophage (D:12)
  7 ogres
  6 centaurs
  19 wolves
  7 crocodiles
  3 big kobolds
  18 bullfrogs
  A wyvern zombie (D:14)
  A wyvern skeleton (D:13)
  3 scorpions
  8 killer bees
  2 wights (D:6)
  An electric eel (Lair:2)
  3 howler monkeys (D:11)
  6 crimson imps
  2 centaur zombies
  4 hounds
  3 bullfrog skeletons
  4 jellies
  6 orc priests
  Crazy Yiuf (D:7)
  A gnoll shaman (D:6)
  2 iguanas
  19 orc wizards
  A hell rat (Lair:3)
  33 worker ants
  A hound zombie (D:9)
  Robin (D:2)
  11 gnolls
  8 adders
  3 shadow imps
  2 adder skeletons
  A worm (D:3)
  2 dart slugs
  4 leopard geckos
  50 orcs
  5 bats
  2 giant cockroaches
  9 goblins
  7 hobgoblins
  8 jackals
  5 quokkas
  2 ball pythons (D:3)
  5 frilled lizards
  A jackal skeleton (D:5)
  A jackal zombie (D:5)
  21 kobolds
  A quokka skeleton (D:6)
  A quokka zombie (D:7)
  4 rats
  A plant (Lair:1)
544 creatures vanquished.

Vanquished Creatures (collateral kills)
  A glowing orange brain (D:15)
  A deep elf mage (D:15)
  A shadow (D:13)
3 creatures vanquished.

Vanquished Creatures (others)
  Fannar (D:10)
  A troll (D:13)
  A spriggan (D:8)
  2 yaks (IceCv)
  An orc warrior (D:13)
  A slave (D:8)
  A worker ant (D:13)
  A hound skeleton (D:8)
  An adder (D:3)
  3 fungi
  A plant (Lair:4)
14 creatures vanquished.

Grand Total: 561 creatures vanquished

Notes
Turn   | Place    | Note
-------+----------+-------------------------------------------
     0 | D:1      | garbagetei the Kobold Enchanter began the quest for the Orb.
     0 | D:1      | Reached XP level 1. HP: 10/10 MP: 3/3
   142 | D:1      | Reached XP level 2. HP: 13/15 MP: 5/5
   303 | D:2      | Noticed Robin
   730 | D:1      | Reached XP level 3. HP: 8/20 MP: 4/6
   989 | D:2      | Learned a level 2 spell: Ensorcelled Hibernation
  1392 | D:2      | Reached XP level 4. HP: 24/24 MP: 3/8
  2204 | D:2      | Found a snail-covered altar of Cheibriados.
  2232 | D:2      | Found an ornate altar of the Wu Jian Council.
  2236 | D:2      | Found a bloodstained altar of Trog.
  2483 | D:3      | Noticed an ogre
  2485 | D:3      | Killed an ogre
  2485 | D:3      | Reached skill level 1 in Fighting
  2485 | D:3      | Reached skill level 5 in Stealth
  2485 | D:3      | Reached XP level 5. HP: 29/29 MP: 9/9
  2494 | D:3      | Reached skill level 1 in Ice Magic
  2633 | D:3      | Reached XP level 6. HP: 34/34 MP: 9/11
  2726 | D:3      | Found a radiant altar of Vehumet.
  2872 | D:3      | Found a sparkling altar of Nemelex Xobeh.
  2872 | D:3      | Noticed Sigmund
  3202 | D:3      | Killed Sigmund
  3202 | D:3      | Reached XP level 7. HP: 38/38 MP: 9/12
  3811 | D:2      | Killed Robin
  4046 | D:2      | Found an opulent altar of Gozag.
  4373 | D:4      | Found a shadowy altar of Dithmenos.
  4829 | D:4      | Reached skill level 1 in Armour
  5349 | D:4      | Became a worshipper of Dithmenos the Shadowed
  6167 | D:5      | Entered Level 5 of the Dungeon
  6230 | D:5      | Found a stormy altar of Qazlal.
  6396 | D:5      | Reached skill level 6 in Stealth
  6396 | D:5      | Reached XP level 8. HP: 43/43 MP: 11/14
  7117 | D:6      | Reached * piety under Dithmenos
  7313 | D:6      | Reached skill level 5 in Short Blades
  7395 | D:6      | You fall through a shaft for 2 floors!
  7395 | D:8      | Noticed Pikel
  7407 | D:8      | Noticed Prince Ribbit
  7426 | D:8      | Found a staircase to the Lair.
  7646 | D:9      | Found a glowing golden altar of the Shining One.
  7695 | D:9      | Reached skill level 7 in Stealth
  7779 | D:9      | Reached skill level 5 in Spellcasting
  7779 | D:9      | Reached skill level 5 in Hexes
  7779 | D:9      | Reached XP level 9. HP: 48/48 MP: 16/16
  7854 | D:8      | Noticed a hippogriff
  7873 | D:10     | Entered Level 10 of the Dungeon
  7882 | D:10     | Found the +4 arc blade {discharge, rElec}
  7939 | D:10     | Noticed a troll
  7980 | D:9      | Noticed a two-headed ogre
  8180 | D:10     | Killed a troll
  8180 | D:10     | Reached skill level 8 in Stealth
  8245 | D:10     | Reached skill level 9 in Stealth
  8296 | D:10     | Noticed a hippogriff
  8316 | D:9      | Killed a hippogriff
  8354 | D:9      | Found an iron altar of Okawaru.
  8388 | D:9      | Found an ancient bone altar of Kikubaaqudgha.
  8578 | D:8      | Reached skill level 5 in Dodging
  8891 | D:8      | Killed a hippogriff
  8937 | D:9      | Killed Pikel
  8937 | D:9      | Reached skill level 1 in Staves
  8937 | D:9      | Reached XP level 10. HP: 48/54 MP: 13/18
  8964 | D:9      | Reached ** piety under Dithmenos
  9148 | D:9      | Killed a two-headed ogre
  9148 | D:9      | Reached skill level 10 in Stealth
  9154 | D:9      | Learned a level 3 spell: Confuse
  9189 | D:8      | Killed Prince Ribbit
  9347 | D:8      | Noticed Erica
  9382 | D:8      | Killed Erica
  9468 | D:8      | Found a glowing silver altar of Zin.
  9821 | D:7      | Found a hazy altar of Hepliaklqana.
  9986 | D:7      | Reached skill level 11 in Stealth
  9997 | D:7      | Reached XP level 11. HP: 60/60 MP: 21/21
 10044 | D:7      | Noticed Menkaure
 10050 | D:7      | Killed Menkaure
 10050 | D:7      | Reached *** piety under Dithmenos
 10203 | D:7      | Found a staircase to the Ecumenical Temple.
 10231 | Temple   | Entered the Ecumenical Temple
 10456 | D:7      | Found a runed door.
 10460 | D:7      | Noticed Crazy Yiuf
 10464 | D:7      | Killed Crazy Yiuf
 10923 | D:6      | Reached skill level 10 in Short Blades
 11051 | D:6      | Found a blossoming altar of Fedhas.
 11066 | D:6      | Found Zecovoz's Weapon Emporium.
 11288 | Lair:1   | Entered Level 1 of the Lair of Beasts
 11288 | Lair:1   | Noticed Harold
 11290 | Lair:1   | Killed Harold
 11370 | D:8      | Reached skill level 12 in Stealth
 11672 | D:10     | Noticed a manticore
 11677 | D:10     | Killed a manticore
 11704 | D:10     | Reached **** piety under Dithmenos
 12094 | D:11     | Noticed a cyclops
 12131 | D:11     | Killed a cyclops
 12193 | D:11     | Found a staircase to the Orcish Mines.
 12296 | Orc:1    | Entered Level 1 of the Orcish Mines
 12296 | Orc:1    | Found Vodol's Food Emporium.
 12338 | Orc:1    | Noticed MordorOrchid's ghost (adept GnBe)
 12455 | D:11     | Learned a level 3 spell: Dazzling Spray
 12552 | D:11     | Found a portal to a secret trove of treasure.
 12723 | D:12     | Noticed a two-headed ogre
 12727 | D:12     | Killed a two-headed ogre
 12727 | D:12     | Reached skill level 13 in Stealth
 12727 | D:12     | Reached XP level 12. HP: 66/66 MP: 23/23
 12751 | D:12     | Noticed a queen ant
 12751 | D:12     | Noticed an entropy weaver
 12751 | D:12     | Noticed an entropy weaver
 12886 | D:11     | Noticed Doomgape's ghost (journeyman GrFi)
 13123 | Lair:1   | Noticed an eight-headed hydra
 13136 | Lair:1   | Killed an eight-headed hydra
 13156 | Lair:1   | Noticed a four-headed hydra
 13160 | Lair:1   | Killed a four-headed hydra
 13160 | Lair:1   | Reached skill level 14 in Stealth
 13176 | Lair:1   | Got a steaming leather armour
 13177 | Lair:1   | Identified the +1 leather armour "Etawur" {-Cast rPois rCorr Dex+2} (You found it on level 1 of the Lair of Beasts)
 13625 | Lair:1   | Learned a level 2 spell: Searing Ray
 13891 | Lair:2   | Reached skill level 1 in Conjurations
 13936 | Lair:2   | Noticed a seven-headed hydra
 13948 | Lair:2   | Killed a seven-headed hydra
 14064 | Lair:2   | Found a staircase to the Snake Pit.
 14144 | Lair:2   | Got a steaming mace
 14166 | Lair:2   | Reached ***** piety under Dithmenos
 15038 | Snake:1  | Entered Level 1 of the Snake Pit
 15038 | Snake:1  | Noticed a naga warrior
 15038 | Snake:1  | Noticed a naga warrior
 15038 | Snake:1  | Noticed a naga warrior
 15050 | Lair:2   | HP: 1/67 [naga warrior/war axe (5)]
 15379 | Lair:3   | Found a staircase to the Shoals.
 15463 | Lair:3   | Found a frozen archway.
 15471 | Lair:3   | Reached skill level 15 in Stealth
 15546 | IceCv    | Entered an ice cave
 15550 | IceCv    | Reached XP level 13. HP: 70/72 MP: 21/25
 15606 | IceCv    | Reached skill level 5 in Fighting
 16334 | IceCv    | Noticed a frost giant
 16381 | IceCv    | Killed a frost giant
 16895 | Lair:4   | Reached skill level 16 in Stealth
 17207 | Lair:3   | Noticed Rupert
 17263 | Lair:2   | Paralysed by Rupert for 4 turns
 17384 | Lair:2   | Noticed a four-headed hydra
 17393 | Lair:2   | Killed a four-headed hydra
 17518 | D:11     | Noticed a catoblepas
 17534 | D:11     | Killed a catoblepas
 17777 | D:12     | Noticed Fannar
 18029 | D:10     | Killed Fannar
 18938 | D:11     | Reached XP level 14. HP: 68/79 MP: 27/27
 19609 | D:12     | Killed an entropy weaver
 19906 | D:12     | Reached skill level 10 in Spellcasting
 19977 | D:12     | Killed an entropy weaver
 20794 | D:12     | Reached skill level 5 in Conjurations
 21482 | D:11     | HP: 1/80 [tengu conjurer/lance of force (26)]
 21487 | D:11     | Reached skill level 17 in Stealth
 21716 | D:11     | Noticed Sonja
 21723 | D:11     | Killed Sonja
 21735 | D:11     | Found Ewotauc's Elemental Accessories.
 21762 | D:11     | Learned a level 4 spell: Force Lance
 22845 | D:13     | Learned a level 5 spell: Summon Mana Viper
 22969 | D:13     | Reached ****** piety under Dithmenos
 22989 | D:13     | Found a shimmering altar of Xom.
 23178 | D:13     | Reached skill level 10 in Hexes
 24244 | D:14     | Reached XP level 15. HP: 85/85 MP: 29/29
 24537 | D:14     | Found a gate to the Vaults.
 25134 | D:14     | Reached skill level 18 in Stealth
 25541 | D:15     | Entered Level 15 of the Dungeon
 26379 | D:15     | Noticed Roxanne
 26787 | D:15     | Found a staircase to the Depths.
 27139 | D:11     | Killed Doomgape's ghost
 27593 | Lair:2   | Paralysed by Rupert for 6 turns
 27599 | Lair:2   | HP: 3/86 [Rupert/great mace of draining (20)]
 27599 | Lair:2   | Slain by Rupert

Skill      XL: |  1  2  3  4  5  6  7  8  9 10 11 12 13 14 15 |
---------------+----------------------------------------------+-----
Short Blades   | 2 3 4 6 7 9 11 12 13 | 13.9
Fighting       | 1 2 3 4 5 6 7 |  7.0
Stealth        | 5 6 7 9 11 13 15 16 17 18 | 18.2
Spellcasting   | 3 4 5 6 7 8 9 10 11 | 11.5
Ice Magic      | 1 2 |  2.3
Dodging        | 3 4 5 6 7 8 9 |  9.6
Hexes          | 4 5 6 7 8 9 10 11 | 11.2
Armour         | 1 2 |  2.5
Staves         | 1 2 |  2.5
Conjurations   | 2 4 5 6 |  6.7
Summonings     | |  0.6
Evocations     | |  0.3

Action                   |  1- 3 |  4- 6 |  7- 9 | 10-12 | 13-15 || total
-------------------------+-------+-------+-------+-------+-------++-------
Melee: Dagger            |    89 |    88 |   339 |       |     8 ||   524
       Staff             |       |       |    69 |       |       ||    69
       Rapier            |       |       |    12 |   417 |   843 ||  1272
 Cast: Corona            |     4 |       |       |       |       ||     4
       Ensorcelled Hiber |     4 |    16 |    42 |    43 |    65 ||   170
       Confuse           |       |       |       |     2 |    51 ||    53
       Dazzling Spray    |       |       |       |     9 |    45 ||    54
       Searing Ray       |       |       |       |     1 |     1 ||     2
       Summon Mana Viper |       |       |       |       |     6 ||     6
       Force Lance       |       |       |       |       |     2 ||     2
Evoke: Wand              |       |       |       |     3 |     9 ||    12
  Use: Scroll            |     2 |     4 |    12 |    10 |     9 ||    37
       Potion            |       |       |     1 |     5 |     5 ||    11
 Stab: Sleeping          |     6 |    10 |    34 |    59 |    53 ||   162
       Distracted        |       |       |     1 |     3 |     7 ||    11
       Invisible         |       |       |       |     1 |     5 ||     6
       Confused          |       |       |       |       |    13 ||    13
       Petrified         |       |       |       |       |     1 ||     1
  Eat: Chunk             |     9 |     7 |    27 |    22 |    40 ||   105
Armor: Robe              |    14 |    17 |    74 |    35 |       ||   140
       Leather armour    |       |       |       |       |    39 ||    39
       Steam dragon scal |       |       |       |       |    91 ||    91
Dodge: Dodged            |    83 |    62 |   388 |   369 |   786 ||  1688
